 Dungeon Crawl Stone Soup version 0.26-a0-835-g8259106e14 (webtiles) character file.

Game seed: 14460739729211230453

46361 jestyr24 the Thaumaturge (level 14, -11/90 HPs)
             Began as a Gargoyle Earth Elementalist on Nov 6, 2020.
             Was an Elder of Sif Muna.
             Mangled by a boulder beetle (43 damage)
             ... on level 4 of the Lair of Beasts on Nov 18, 2020.
             The game lasted 03:31:14 (22990 turns).

jestyr24 the Thaumaturge (GrEE)                    Turns: 22990, Time: 03:31:14

Health: -11/90     AC: 31    Str: 15    XL:     14   Next: 37%
Magic:  9/30       EV: 14    Int: 24    God:    Sif Muna [****..]
Gold:   1537       SH: 12    Dex: 10    Spells: 19/38 levels left

rFire    . . .     SeeInvis .   M - +4 mace
rCold    + . .     Faith    .   B - +2 buckler {reflect}
rNeg     + . .     Spirit   .   P - +5 scale mail of Ypput {Harm rC+ MR+ Int+4}
rPois    ∞         Reflect  +   r - +0 helmet
rElec    +         Harm     +   I - +0 cloak
rCorr    .         Rampage  .   (no gloves)
MR       ++...                  (no boots)
Stlth    +.........             g - amulet of reflection
HPRegen  0.25/turn              a - +4 ring of evasion
MPRegen  0.22/turn              D - +4 ring of protection

@: no status effects
A: big wings, hooves 1, negative energy resistance 1, robust 1, electricity
resistance, strong 1, unbreathing, petrification resistance, rot immunity, AC
+10
a: Fly, Channel Magic, Forget Spell, Divine Exegesis, Renounce Religion


You were on level 4 of the Lair of Beasts.
You worshipped Sif Muna.
Sif Muna was greatly pleased with you.
You visited 3 branches of the dungeon, and saw 17 of its levels.
You also visited: Sewer and Bailey.

You collected 1537 gold pieces.

Inventory:

Hand Weapons
 q - a +1 mace of holy wrath
 M - a +4 mace (weapon)
 O - a +3 triple sword of protection
 Q - a +6 spear of venom
Missiles
 b - 429 stones (quivered)
 t - 36 poisoned darts
 L - 24 javelins
Armour
 e - +1 steam dragon scales
 n - a +0 kite shield
 r - a +0 helmet (worn)
 s - a +0 pair of boots
 B - a +2 buckler of reflection (worn)
 I - a +0 cloak (worn)
 P - the +5 scale mail of Ypput (worn) {Harm rC+ MR+ Int+4}
   (You found it on level 2 of the Lair of Beasts)

   It affects your intelligence (+4).
   It protects you from cold.
   It affects your resistance to hostile enchantments.
   It increases damage dealt and taken.
 S - a +2 robe of cold resistance
 T - a +1 hat
Jewellery
 a - a +4 ring of evasion (left hand)
 c - an uncursed amulet of regeneration
 d - an uncursed ring of ice
 g - an amulet of reflection (around neck)
 m - an uncursed ring of flight
 z - an uncursed ring of ice
 D - a +4 ring of protection (right hand)
 J - an uncursed ring of protection from magic
Wands
 p - a wand of random effects (21)
 v - a wand of iceblast (6)
 C - a wand of flame (16)
 E - a wand of polymorph (9)
 N - a wand of paralysis (15)
Scrolls
 i - 2 scrolls of magic mapping
 k - 2 scrolls of enchant weapon
 l - 13 scrolls of identify
 u - 9 scrolls of remove curse
 w - 3 scrolls of fog
 A - a scroll of holy word
 F - 3 scrolls of amnesia
 G - 4 scrolls of immolation
 H - 3 scrolls of teleportation
 R - a scroll of enchant armour
Potions
 f - 3 potions of curing
 h - a potion of berserk rage
 o - 6 potions of flight
 x - 3 potions of magic
 K - a potion of ambrosia
 U - a potion of invisibility
 V - a potion of mutation
Miscellaneous
 j - a box of beasts


   Skills:
 - Level 7.2 Fighting
 - Level 5.3 Maces & Flails
 + Level 10.4 Armour
 - Level 3.3 Dodging
 - Level 5.4 Stealth
 - Level 4.9 Shields
 - Level 12.5 Spellcasting
 - Level 10.8 Conjurations
 - Level 2.7 Transmutations
 - Level 11.0 Earth Magic
 - Level 2.6 Invocations
 - Level 0.2 Evocations


You had 19 spell levels left.
You knew the following spells:

 Your Spells              Type           Power        Failure   Level
a - Magic Dart            Conj           ####         1%          1
b - Stone Arrow           Conj/Erth      ######       1%          3
c - Iskenderun's Battles  Conj           ######..     3%          5
d - Lee's Rapid Deconstr  Erth           ######....   3%          5
e - Sandblast             Erth           ######       1%          1
f - Petrify               Tmut/Erth      #####...     7%          4

Your spell library contained the following spells:

 Spells                   Type           Power        Failure   Level
 Passwall                 Tmut/Erth      #####...     1%          2
 Conjure Flame            Conj/Fire      #####...     4%          3
 Dazzling Flash           Conj/Hex       #####.       4%          3
 Static Discharge         Conj/Air       #####...     4%          3
 Mephitic Cloud           Conj/Pois/Air  ####....     9%          3
 Animate Skeleton         Necr           ###...       12%         1
 Corona                   Hex            ###....      12%         1
 Bolt of Magma            Conj/Fire/Erth ######....   17%         5
 Blink                    Tloc           N/A          19%         2
 Call Imp                 Summ           ###.....     19%         2
 Corpse Rot               Necr/Air       N/A          19%         2
 Ensorcelled Hibernation  Hex/Ice        ###...       19%         2
 Poisonous Vapours        Pois/Air       ###...       19%         2
 Slow                     Hex            ###.....     19%         2
 Swiftness                Air            ###.....     19%         2
 Iron Shot                Conj/Erth      ######....   21%         6
 Confusing Touch          Hex            ###.....     36%         3
 Gell's Gravitas          Tloc           ###.......   36%         3
 Lesser Beckoning         Tloc           ###.......   36%         3
 Teleport Other           Tloc           ###.....     36%         3
 Tukima's Dance           Hex            ###.....     36%         3
 Vampiric Draining        Necr           ###.......   36%         3
 Lightning Bolt           Conj/Air       #####.....   36%         5
 Orb of Destruction       Conj           ######....   75%         7
 Passage of Golubria      Tloc           N/A          77%         4
 Yara's Violent Unravell  Hex/Tmut       ###.......   89%         5
 Conjure Ball Lightning   Conj/Air       #####.....   90%         6
 Metabolic Englaciation   Hex/Ice        ###.......   98%         5
 Summon Forest            Summ/Tloc      ###.......   98%         5
 Hydra Form               Tmut           ####......   99%         6
 Eringya's Noxious Bog    Tmut/Pois      ###.......   100%        6
 Spellforged Servitor     Conj/Summ      #####.....   100%        7
 Summon Hydra             Summ           ###.......   100%        7


Dungeon Overview and Level Annotations

Branches:
Dungeon (12/15)            Temple (1/1) D:7            Lair (4/6) D:10
  Swamp (0/4) Lair:3       Shoals (0/4) Lair:3          Orc (0/2) D:10
  Sewer (visited)          Bailey (visited)
  Snake: Lair:2-4    Spider: Lair:2-4

Altars:
Ashenzari
Cheibriados
Dithmenos
Elyvilon
Fedhas
Gozag
Hepliaklqana
Kikubaaqudgha
Makhleb
Nemelex Xobeh
Okawaru
Qazlal
Ru
Sif Muna
Trog
Uskayaw
Vehumet
Wu Jian
Xom
Yredelemnul
Zin
The Shining One

Portals:
Trove: D:11 (give 8 scrolls of fear)

Annotations:
D:7 3 runed translucent doors, robertstho's ghost, novice GnAE


Innate Abilities, Weirdness & Mutations

You are resistant to torment.
Your stone body is resilient. (AC +10)
You are immune to poison.
Your large and strong wings let you fly indefinitely.
You resist negative energy. (rN+)
You are resistant to electric shocks. (rElec)
You can survive without breathing.
You are immune to petrification.
You are immune to rotting.
You have large cloven feet.
You are robust. (+10% HP)
Your muscles are strong. (Str +2)


Message History

Confirm with . or Enter, or press ? or * to list all spells.
Aiming: Stone Arrow (safe; 1% risk of failure)
Press: ? - help, Shift-Dir - straight line, f/p - polar bear
Aim: a polar bear (heavily wounded)
The stone arrow hits the polar bear!
The polar bear is almost dead.
The polar bear goes berserk!
Casting: Stone Arrow (safe; 1% risk of failure)
Confirm with . or Enter, or press ? or * to list all spells.
Aiming: Stone Arrow (safe; 1% risk of failure)
Press: ? - help, Shift-Dir - straight line, f/p - polar bear
Aim: a polar bear (almost dead, berserk)
The stone arrow hits the polar bear!!
You kill the polar bear!
Sif Muna accepts your kill.
You start resting.
A boulder beetle is nearby!
The boulder beetle curls into a ball and begins rolling!
The boulder beetle hits you!!!
You die...

#.. ####≈...... ...# #P..≈≈≈....
#....## ###.≈≈≈≈≈≈.≈. .....#.
...≈≈≈≈≈≈≈≈≈. .......#######
#..≈≈≈≈≈≈≈≈≈. ....#......#.####
#..≈≈≈.≈.≈≈≈≈
........†..°....##.P.≈≈≈≈≈<.≈≈≈≈
........°####°○B.......≈≈≈≈.≈≈≈≈≈
..........# ####@.....≈≈≈≈≈≈≈≈≈≈.
.........## #...#....≈≈≈≈≈≈≈≈≈.
.........# ###........≈≈≈≈≈.≈.
.........# #...........≈≈....
#........# #...............
.........# ##...........#...
.....#...# ####...........#####
##......)#####.#.#.....#P#.## #
#.##..Bl.........†#########


You could see a boulder beetle.

Vanquished Creatures
  Rupert (Lair:3)
  Gastronok (Lair:3)
  Fannar (Lair:3)
  3 hydras
  2 two-headed ogres
  The ghost of Rennog the Basher, a novice MiFi (D:6)
  Pikel (D:8)
  2 ugly things
  A centaur zombie (D:12)
  A merfolk siren (Lair:3)
  Psyche (D:8)
  Joseph (D:7)
  3 black mambas
  4 cane toads
  Maggie (D:7)
  A kobold demonologist (D:12)
  4 rime drakes
  3 komodo dragons
  A guardian mummy (D:11)
  4 trolls
  2 polar bears
  2 meliai (Lair:4)
  A slime creature (D:8)
  11 blink frogs
  2 wyverns
  35 yaks
  A steam dragon (D:4)
  2 basilisks
  Grum (D:11)
  Menkaure (D:7)
  9 water moccasins
  An acid dragon (D:8)
  3 ice beasts
  15 orc warriors
  An eye of draining (D:10)
  A sky beast (D:8)
  6 ogres
  A phantom (D:7)
  3 black bears
  A necrophage (D:10)
  22 wolves
  13 centaurs
  5 big kobolds
  14 bullfrogs
  10 killer bees (D:10)
  5 wights (D:11)
  3 electric eels (D:7)
  2 howler monkeys
  A quasit (D:8)
  A gnoll shaman (D:6)
  3 hounds
  A bullfrog zombie (D:5)
  3 jellies
  9 orc priests
  3 bullfrog skeletons
  17 orc wizards
  2 centaur skeletons
  Crazy Yiuf (D:6)
  5 iguanas
  6 worker ants
  A killer bee zombie (D:7)
  A hound skeleton (D:8)
  A worker ant zombie (D:6)
  Robin (D:4)
  14 gnolls
  13 adders
  A river rat (Sewer)
  3 white imps
  2 ufetubi
  4 oozes
  5 worms
  3 dart slugs
  3 leopard geckos
  64 orcs
  5 giant cockroaches
  21 goblins
  14 hobgoblins
  5 jackals
  10 kobolds
  7 quokkas
  9 ball pythons
  8 bats
  6 frilled lizards
  A leopard gecko skeleton (D:4)
  A quokka zombie (D:6)
  13 rats
478 creatures vanquished.

Vanquished Creatures (collateral kills)
  A rime drake (Lair:3)
1 creature vanquished.

Vanquished Creatures (others)
  A quokka (D:11)
  24 fungi
  15 plants
40 creatures vanquished.

Grand Total: 519 creatures vanquished

Notes
Turn   | Place    | Note
-------+----------+-------------------------------------------
     0 | D:1      | jestyr24 the Gargoyle Earth Elementalist began the quest
                  | for the Orb.
     0 | D:1      | Reached XP level 1. HP: 10/10 MP: 3/3
   206 | D:1      | Reached XP level 2. HP: 15/15 MP: 0/5
   660 | D:1      | Reached skill level 1 in Armour
   930 | D:2      | Reached XP level 3. HP: 20/20 MP: 3/6
  1266 | D:2      | Found an iron altar of Okawaru.
  1406 | D:2      | Reached XP level 4. HP: 10/24 MP: 4/7
  2113 | D:3      | Reached skill level 5 in Earth Magic
  2145 | D:3      | Reached skill level 1 in Maces & Flails
  2264 | D:3      | Found a shadowy altar of Dithmenos.
  2339 | D:3      | Found a shimmering blue altar of Sif Muna.
  2339 | D:3      | Found a blossoming altar of Fedhas.
  2346 | D:3      | Reached skill level 1 in Fighting
  2346 | D:3      | Reached XP level 5. HP: 20/29 MP: 5/9
  2559 | D:3      | Became a worshipper of Sif Muna the Loreminder
  2847 | D:3      | Found a radiant altar of Vehumet.
  2996 | D:4      | Learned a level 3 spell: Stone Arrow
  3015 | D:4      | Reached skill level 3 in Spellcasting
  3018 | D:4      | Reached XP level 6. HP: 17/34 MP: 2/10
  3194 | D:4      | Noticed Robin
  3232 | D:4      | Killed Robin
  3242 | D:4      | Reached * piety under Sif Muna
  3419 | D:4      | Found a broken altar of Ashenzari.
  3728 | D:4      | Noticed a steam dragon
  3784 | D:4      | Reached XP level 7. HP: 38/39 MP: 10/12
  3794 | D:4      | Killed a steam dragon
  3972 | D:4      | Reached skill level 4 in Spellcasting
  4125 | D:5      | Entered Level 5 of the Dungeon
  4148 | D:5      | HP: 2/40 [orc (4)]
  4300 | D:5      | Found a glowing drain.
  4481 | Sewer    | Entered a sewer
  4567 | Sewer    | Reached XP level 8. HP: 41/45 MP: 11/15
  4659 | Sewer    | Reached ** piety under Sif Muna
  4957 | D:5      | Reached skill level 5 in Spellcasting
  5732 | D:5      | Found a glowing silver altar of Zin.
  5769 | D:5      | Reached skill level 1 in Shields
  5856 | D:6      | Reached XP level 9. HP: 30/52 MP: 17/17
  5998 | D:6      | Found a runed translucent door.
  6002 | D:6      | Noticed Rennog's ghost (novice MiFi)
  6024 | D:6      | Reached skill level 5 in Maces & Flails
  6050 | D:6      | Gained mutation: Scrolls take you a little longer to read.
                  | [potion of mutation]
  6050 | D:6      | Gained mutation: You have sharp toenails. [potion of
                  | mutation]
  6059 | D:6      | Killed Rennog's ghost
  6288 | D:6      | Lost mutation: Scrolls take you a little longer to read.
                  | [potion of mutation]
  6288 | D:6      | Lost mutation: You have sharp toenails. [potion of
                  | mutation]
  6288 | D:6      | Gained mutation: You are resistant to hostile enchantments.
                  | (MR+) [potion of mutation]
  6288 | D:6      | Gained mutation: Your body sometimes deteriorates upon
                  | taking damage. [potion of mutation]
  6288 | D:6      | Gained mutation: Your spells are a little harder to cast,
                  | but a little more powerful. [potion of mutation]
  6289 | D:6      | Lost mutation: Your spells are a little harder to cast, but
                  | a little more powerful. [potion of mutation]
  6289 | D:6      | Lost mutation: Your body sometimes deteriorates upon taking
                  | damage. [potion of mutation]
  6289 | D:6      | Lost mutation: You are resistant to hostile enchantments.
                  | (MR+) [potion of mutation]
  6289 | D:6      | Gained mutation: You have large cloven feet. [potion of
                  | mutation]
  6289 | D:6      | Gained mutation: You have hoof-like feet. [potion of
                  | mutation]
  6289 | D:6      | Gained mutation: You have hooves in place of feet. [potion
                  | of mutation]
  6289 | D:6      | Gained mutation: You are partially covered in large bone
                  | plates. (SH +4) [potion of mutation]
  6503 | D:6      | Reached skill level 6 in Spellcasting
  6990 | D:6      | Found a runed translucent door.
  6991 | D:6      | Noticed Crazy Yiuf
  7001 | D:6      | Killed Crazy Yiuf
  7087 | D:7      | Reached *** piety under Sif Muna
  7248 | D:7      | Found a runed translucent gate.
  7248 | D:7      | Found an opulent altar of Gozag.
  7248 | D:7      | Found a runed translucent gate.
  7499 | D:7      | Reached skill level 1 in Conjurations
  7675 | D:7      | Found a runed translucent gate.
  7675 | D:7      | Noticed a cyan ugly thing
  7676 | D:7      | Noticed robertstho's ghost (novice GnAE)
  7687 | D:7      | Noticed Maggie
  7698 | D:7      | Killed Maggie
  7698 | D:7      | Reached XP level 10. HP: 57/57 MP: 0/19
  7825 | D:7      | Found a sparkling altar of Nemelex Xobeh.
  7847 | D:7      | Noticed Joseph
  7859 | D:7      | Killed Joseph
  8025 | D:7      | Found a staircase to the Ecumenical Temple.
  8050 | Temple   | Entered the Ecumenical Temple
  8336 | D:7      | Noticed Menkaure
  8341 | D:7      | Killed Menkaure
  8690 | D:7      | Reached skill level 7 in Spellcasting
  8914 | D:8      | Noticed Psyche
  8923 | D:8      | Killed Psyche
  9100 | D:8      | Noticed a two-headed ogre
  9109 | D:8      | Killed a two-headed ogre
  9109 | D:8      | Reached skill level 5 in Fighting
  9244 | D:8      | Found a hazy altar of Hepliaklqana.
  9410 | D:8      | Reached **** piety under Sif Muna
  9496 | D:8      | Learned a level 4 spell: Petrify
  9502 | D:8      | Learned a level 5 spell: Lee's Rapid Deconstruction
  9564 | D:8      | Reached skill level 10 in Earth Magic
  9584 | D:8      | Reached skill level 1 in Transmutations
  9636 | D:8      | Noticed a red ugly thing
  9641 | D:8      | Killed a red ugly thing
  9641 | D:8      | Reached skill level 8 in Spellcasting
  9641 | D:8      | Reached XP level 11. HP: 63/63 MP: 0/23
 10059 | D:8      | Noticed Pikel
 10068 | D:8      | Killed Pikel
 10292 | D:8      | Identified a scroll of acquirement
 10292 | D:8      | Acquired a book of Power
 11308 | D:10     | Entered Level 10 of the Dungeon
 11410 | D:10     | Reached ***** piety under Sif Muna
 11410 | D:10     | Reached skill level 5 in Conjurations
 11634 | D:10     | Received a gift from Sif Muna
 11880 | D:10     | Found a staircase to the Lair.
 11891 | D:10     | Reached skill level 9 in Spellcasting
 12356 | D:10     | Found a staircase to the Orcish Mines.
 12572 | D:10     | Noticed a two-headed ogre
 12578 | D:10     | Killed a two-headed ogre
 12579 | D:10     | Upgraded the game from 0.26-a0-752-gcff87cac9a to
                  | 0.26-a0-757-g626ac9e51a
 13013 | D:11     | Noticed a purple ugly thing
 13043 | D:11     | Killed a purple ugly thing
 13055 | D:11     | Learned a level 1 spell: Magic Dart
 13061 | D:11     | Learned a level 5 spell: Iskenderun's Battlesphere
 13087 | D:11     | Found a portal to a secret trove of treasure.
 13193 | D:11     | Found a flagged portal.
 13208 | Bailey   | Entered a bailey
 13411 | Bailey   | Reached skill level 10 in Spellcasting
 14253 | Bailey   | Reached XP level 12. HP: 68/68 MP: 8/26
 14278 | Bailey   | Received a gift from Sif Muna
 14641 | D:11     | Found a white marble altar of Elyvilon.
 14650 | D:11     | Noticed Grum
 14667 | D:11     | Killed Grum
 15112 | D:12     | Got a sparkling glass ring
 15113 | D:12     | Identified the ring "Woamer" {Str-5 Dex+5 Stlth-} (You
                  | found it on level 12 of the Dungeon)
 15119 | D:12     | Reached skill level 11 in Spellcasting
 15119 | D:12     | Reached XP level 13. HP: 76/76 MP: 26/28
 15169 | D:12     | Lost mutation: You have hooves in place of feet. [potion of
                  | mutation]
 15169 | D:12     | Lost mutation: You are partially covered in large bone
                  | plates. (SH +4) [potion of mutation]
 15169 | D:12     | Lost mutation: You have hoof-like feet. [potion of
                  | mutation]
 15169 | D:12     | Gained mutation: You are robust. (+10% HP) [potion of
                  | mutation]
 15169 | D:12     | Gained mutation: Your muscles are strong. (Str +2) [potion
                  | of mutation]
 16236 | Lair:1   | Entered Level 1 of the Lair of Beasts
 16448 | Lair:1   | Reached skill level 12 in Spellcasting
 16448 | Lair:1   | Reached skill level 10 in Conjurations
 16592 | Lair:1   | Reached skill level 1 in Invocations
 17791 | Lair:2   | Reached skill level 5 in Stealth
 18837 | Lair:2   | Got a smoking scale mail
 18838 | Lair:2   | Identified the +5 scale mail of Ypput {Harm rC+ MR+ Int+4}
                  | (You found it on level 2 of the Lair of Beasts)
 19182 | Lair:3   | Found a staircase to the Swamp.
 19214 | Lair:3   | Reached skill level 5 in Armour
 19285 | Lair:3   | Found a staircase to the Shoals.
 19291 | Lair:3   | Identified Sif Muna's Catalogue of Feathery Necromancy (Sif
                  | Muna gifted it to you on level 3 of the Lair of Beasts)
 19291 | Lair:3   | Received a gift from Sif Muna
 19301 | Lair:3   | Noticed Gastronok
 19708 | Lair:2   | Upgraded the game from 0.26-a0-757-g626ac9e51a to
                  | 0.26-a0-771-g060e6a62af
 19939 | Lair:3   | Noticed Fannar
 19947 | Lair:3   | Killed Fannar
 19947 | Lair:3   | Gained mutation: Your large and strong wings let you fly
                  | indefinitely. [Gargoyle growth]
 19947 | Lair:3   | Reached XP level 14. HP: 90/90 MP: 4/30
 20108 | Lair:3   | Killed Gastronok
 20451 | Lair:3   | Upgraded the game from 0.26-a0-771-g060e6a62af to
                  | 0.26-a0-835-g8259106e14
 20601 | Lair:3   | Noticed Rupert
 20611 | Lair:3   | Killed Rupert
 21649 | Lair:4   | Paralysed by a meliai for 4 turns
 21657 | Lair:4   | Reached skill level 10 in Armour
 22990 | Lair:4   | Mangled by a boulder beetle

Illustrated notes

Levels and vault maps discovered:
D:1:      psy_arrival_conway, layout_loops_ring, minmay_misc_feat_plants
D:2:      layout_loops_ring, lemuel_doored_altar, minmay_misc_feat_rows,
          eino_curves_04, grunt_ministairs_1
D:3:      layout_rooms, gammafunk_temple_overflow_pools, fiery_altar_vehumet,
          nicolae_dithmenos_through_a_glass_darkly
D:4:      layout_rooms, ashenzari_altar_1, uniq_robin
D:5:      layout_loops_ring, lemuel_coloured_pillars_altar,
          cheibrodos_sewer_entry_sluice
D:6:      layout_basic, ebering_ghost_sewer_d, uniq_crazy_yiuf_cottage
D:7:      statuecave_lemuel, layout_rooms, minmay_temple_entry_glassed_door,
          basic_altar, ebering_ghost_gozag, uniq_joseph, uniq_menkaure,
          uniq_maggie
D:8:      minmay_the_grid_plus [minmay_the_grid_minigrid_large,
          minmay_the_grid_dragon_a, minmay_the_grid_diamond_grid,
          minmay_the_grid_minigrid_small_alt,
          minmay_the_grid_prize_inner_circle], layout_cave_pools,
          nicolae_overflow_crystal_walls, uniq_pikel, uniq_psyche
D:9:      layout_loops_corners, st_stairs_10
D:10:     layout_stronghold, lair_entry_dummy, orc_0_dummy, minmay_liquid_box
D:11:     layout_roguey, enter_bailey_3, nicolae_trove_entry_path_of_doom,
          elyvilon_altar_4, uniq_grum
D:12:     layout_long_grid
Temple:   eino_narrow_crystal_temple
Lair:1:   layout_big_grid, chequers_serial_rivers_room_a, st_stairs_5
Lair:2:   beast_lair_carwin_large_2, layout_regular_city
Lair:3:   layout_regular_city, swamp_mist, minmay_shoals_entry_lonely_mermaid,
          gauntlet_entry_generic, st_stairs_8, nicolae_quartered_pool_super,
          uniq_gastronok, uniq_fannar, uniq_rupert
Lair:4:   layout_cave_pods, special_room [special_room_bee],
          grunt_forest_small_clearing_treed, infiniplex_staircase_pool_2

Skill      XL: |  1  2  3  4  5  6  7  8  9 10 11 12 13 14 |
---------------+-------------------------------------------+-----
Earth Magic    | 4 5 6 7 8 10 11 | 11.0
Armour         | 1 2 3 4 6 10 | 10.4
Maces & Flails | 1 2 3 4 5 |  5.3
Fighting       | 1 2 3 4 5 7 |  7.2
Spellcasting   | 3 4 5 6 8 10 11 12 | 12.5
Dodging        | 2 3 |  3.3
Shields        | 1 4 |  4.9
Stealth        | 3 4 5 |  5.4
Conjurations   | 1 4 6 8 10 | 10.8
Transmutations | 1 2 |  2.7
Invocations    | 2 |  2.6
Evocations     | |  0.2

Action                   |  1- 3 |  4- 6 |  7- 9 | 10-12 | 13-15 || total
-------------------------+-------+-------+-------+-------+-------++-------
Melee: Club              |    30 |       |       |       |       ||    30
       Short sword       |    48 |    15 |       |       |       ||    63
       Whip              |       |   118 |   419 |   573 |       ||  1110
       Kick              |       |       |    37 |   127 |    30 ||   194
       Mace              |       |       |       |    18 |   127 ||   145
 Cast: Sandblast         |    32 |    64 |    82 |    11 |       ||   189
       Stone Arrow       |       |       |    16 |   109 |    69 ||   194
       Lee's Rapid Decon |       |       |       |    29 |    29 ||    58
       Petrify           |       |       |       |     6 |    18 ||    24
       Magic Dart        |       |       |       |       |   296 ||   296
       Iskenderun's Batt |       |       |       |       |    46 ||    46
 Abil: Evoke Flight      |       |       |       |     1 |     1 ||     2
Evoke: Wand              |       |       |       |       |     1 ||     1
  Use: Scroll            |     4 |     4 |     3 |    11 |     7 ||    29
       Potion            |       |       |    11 |     6 |     2 ||    19
 Stab: Sleeping          |     1 |     1 |     1 |     3 |       ||     6
       Distracted        |       |       |       |     1 |       ||     1
       Petrified         |       |       |       |     6 |       ||     6
Armor: Robe              |    38 |    46 |    96 |       |       ||   180
       Steam dragon scal |       |       |       |   127 |    54 ||   181
       Scale mail        |       |       |       |       |    42 ||    42
Dodge: Dodged            |    54 |   129 |   226 |   256 |   169 ||   834
Block: Buckler           |       |       |   101 |   454 |   182 ||   737
       Reflection        |       |       |       |    16 |     1 ||    17

Table legend: (Time is in decaauts)
 A = Elapsed time spent in this place.
 B = Non-inter-level travel time spent in this place.
 C = Inter-level travel time spent in this place.
 D = Time resting spent in this place.
 E = Time spent auto-exploring this place.
 F = Levels seen in this place.
 G = Mean time per level.
                   A        B        C        D        E       F      G
               +--------+--------+--------+--------+--------+-----+--------+
         Total |  22994 |  22507 |    487 |   8401 |   5622 |  19 | 1210.2 |
       Dungeon |  14150 |  13757 |    393 |   4314 |   4217 |  12 | 1179.2 |
        Temple |    225 |    198 |     27 |      0 |    190 |   1 |  225.0 |
          Lair |   6775 |   6708 |     67 |   3362 |   1098 |   4 | 1693.8 |
         Sewer |    475 |    475 |      0 |     10 |     99 |   1 |  475.0 |
        Bailey |   1367 |   1367 |      0 |    715 |     18 |   1 | 1367.0 |
               +--------+--------+--------+--------+--------+-----+--------+

Top non-repeatable levels by time:
  Lair:3: 2799 daAuts
  Lair:2: 1822 daAuts
     D:7: 1525 daAuts
  Lair:1: 1492 daAuts
     D:8: 1486 daAuts
    D:10: 1480 daAuts
  Bailey: 1367 daAuts
     D:5: 1283 daAuts
     D:6: 1234 daAuts
     D:2: 1185 daAuts
     D:4: 1151 daAuts
    D:11: 1083 daAuts
    D:12: 958 daAuts
     D:9: 957 daAuts
     D:1: 940 daAuts
